DBL
ST. LOUIS CARDINALS @ BOSTON RED SOX
06/20/1997
 
TOP OF THE 1ST
St. Louis Cardinals batting - Pitching for Boston Red Sox : RHP Pete Harnisch
Pitching: RHP Pete Harnisch
Batting: LHB Steve Finley 0-0: Ball
1-0: Ball
2-0: Foul Ball, location: 2F
2-1: Ball
3-1: Base on Balls
Batting: RHB Royce Clayton 0-0: Called Strike
0-1: Ball
1-1: Called Strike
1-2: Ball
2-2: Ball
3-2: Foul Ball, location: 2F
3-2: Foul Ball, location: 2F
3-2: Foul Ball, location: 2F
3-2: Foul Ball, location: 2F
3-2: SINGLE (Line Drive, 78S, EV 95.0 MPH)
Steve Finley to second
Runner from 2nd tries for 3rd, SAFE, throw by LF made to third
Batting: LHB Brian S Giles 0-0: Ball
1-0: Swinging Strike
1-1: Foul Ball, location: 2F
1-2: Ball
2-2: Foul Ball, location: 2F
2-2: Strikes out swinging
Batting: RHB Ivan Calderon Pickoff Throw to First - Error! E1
Steve Finley scores
Royce Clayton to second
0-0: Ball
1-0: Ground out 6-3 (Groundball, 6S, EV 70.6 MPH)
Royce Clayton to third
Batting: LHB Karim Garcia 0-0: Ball
1-0: Ball
2-0: Ball
3-0: Called Strike
3-1: Foul Ball, location: 2F
3-2: Fly out, F8 (Flyball, 8LM, EV 81.9 MPH)
Top of the 1st over - 1 run, 1 hit, 1 error, 1 left on base; St. Louis 1 - Boston 0
BOTTOM OF THE 1ST
Boston Red Sox batting - Pitching for St. Louis Cardinals : RHP Mike J Grace
Pitching: RHP Mike J Grace
Batting: RHB Edgar Renteria 0-0: Called Strike
0-1: Ground out 4-3 (Groundball, 4M, EV 86.9 MPH)
Batting: RHB Scott Fletcher 0-0: Called Strike
0-1: Called Strike
0-2: Foul Ball, location: 2F
0-2: Ball
1-2: DOUBLE (Flyball, 8RD, EV 85.6 MPH) - OUT at third base trying to stretch hit.
Batting: RHB Akira Eto 0-0: Called Strike
0-1: Hit by Pitch
Batting: LHB Barry Bonds 0-0: Foul Ball, location: 2F
0-1: Called Strike
0-2: Ball
1-2: Fly out, F7 (Flyball, 78S, EV 81.9 MPH)
Bottom of the 1st over - 0 runs, 1 hit, 0 errors, 1 left on base; St. Louis 1 - Boston 0
TOP OF THE 2ND
St. Louis Cardinals batting - Pitching for Boston Red Sox : RHP Pete Harnisch
Batting: RHB John Valentin 0-0: Ball
1-0: Called Strike
1-1: Ground out 4-3 (Groundball, 4, EV 106.9 MPH)
Batting: RHB Dickie Thon 0-0: Ball
1-0: Reached on error, E5 (Groundball, 5, EV 108.8 MPH)
Batting: RHB Damian Miller 0-0: Called Strike
Dickie Thon steals 2nd base
0-1: Ball
1-1: Foul Ball, location: 2F
1-2: Foul Ball, location: 2F
1-2: Strikes out looking
Batting: SHB Stan Javier 0-0: Ball
1-0: Called Strike
1-1: Called Strike
1-2: Foul Ball, location: 2F
1-2: Ball
2-2: Fly out, F6 (Line Drive, 6, EV 70.6 MPH)
Top of the 2nd over - 0 runs, 0 hits, 1 error, 1 left on base; St. Louis 1 - Boston 0
BOTTOM OF THE 2ND
Boston Red Sox batting - Pitching for St. Louis Cardinals : RHP Mike J Grace
Batting: LHB David Ortiz 0-0: Ball
1-0: SOLO HOME RUN (Flyball, 89XD, EV 104.4 MPH), Distance : 449 ft
Batting: LHB Todd Hollandsworth 0-0: SOLO HOME RUN (Line Drive, 89XD, EV 102.5 MPH), Distance : 454 ft
Batting: RHB Danny Tartabull 0-0: Ground out 6-3 (Groundball, 6, EV 90.0 MPH)
Batting: RHB Mike Cameron 0-0: Ball
1-0: Ball
2-0: Called Strike
2-1: Ball
3-1: Ground out 5-3 (Groundball, 5S, EV 85.6 MPH)
Batting: RHB Todd Greene 0-0: Swinging Strike
0-1: Ball
1-1: Foul Ball, location: 2F
1-2: Ball
2-2: Strikes out swinging
Bottom of the 2nd over - 2 runs, 2 hits, 0 errors, 0 left on base; St. Louis 1 - Boston 2
TOP OF THE 3RD
St. Louis Cardinals batting - Pitching for Boston Red Sox : RHP Pete Harnisch
Batting: LHB Steve Finley 0-0: Foul Ball, location: 2F
0-1: Swinging Strike
0-2: Fly out, F8 (Flyball, 8LD, EV 98.1 MPH)
Batting: RHB Royce Clayton 0-0: Foul Ball, location: 2F
0-1: Called Strike
0-2: Strikes out looking
Batting: LHB Brian S Giles 0-0: Ball
1-0: SINGLE (Groundball, 34D, EV 98.1 MPH)
Batting: RHB Ivan Calderon 0-0: Ball
1-0: Ball
2-0: Fly out, F8 (Flyball, 89D, EV 96.9 MPH)
Top of the 3rd over - 0 runs, 1 hit, 0 errors, 1 left on base; St. Louis 1 - Boston 2
BOTTOM OF THE 3RD
Boston Red Sox batting - Pitching for St. Louis Cardinals : RHP Mike J Grace
Batting: RHB Edgar Renteria 0-0: Ball
1-0: Ball
2-0: Called Strike
2-1: Swinging Strike
2-2: Foul Ball, location: 2F
2-2: Foul Ball, location: 2F
2-2: Foul Ball, location: 2F
2-2: Ball
3-2: Foul Ball, location: 2F
3-2: Strikes out swinging
Batting: RHB Scott Fletcher 0-0: Called Strike
0-1: Called Strike
0-2: Foul Ball, location: 2F
0-2: DOUBLE (Groundball, 5L, EV 102.5 MPH)
Batting: RHB Akira Eto 0-0: Foul Ball, location: 2F
0-1: Called Strike
Scott Fletcher is caught stealing 3rd base 2-5
0-2: Ball
1-2: DOUBLE (Line Drive, 89XD, EV 108.1 MPH) - OUT at third base trying to stretch hit.
Bottom of the 3rd over - 0 runs, 2 hits, 0 errors, 0 left on base; St. Louis 1 - Boston 2
TOP OF THE 4TH
St. Louis Cardinals batting - Pitching for Boston Red Sox : RHP Pete Harnisch
Batting: LHB Karim Garcia 0-0: Ball
1-0: Fly out, F4 (Popup, 4, EV 60.0 MPH)
Batting: RHB John Valentin 0-0: Ball
1-0: Foul Ball, location: 2F
1-1: Ball
2-1: Ball
3-1: Called Strike
3-2: Fly out, F7 (Flyball, 7D, EV 108.1 MPH)
Batting: RHB Dickie Thon 0-0: Ball
1-0: Swinging Strike
1-1: Ball
2-1: Called Strike
2-2: Ground out 5-3 (Groundball, 5L, EV 102.5 MPH)
Top of the 4th over - 0 runs, 0 hits, 0 errors, 0 left on base; St. Louis 1 - Boston 2
BOTTOM OF THE 4TH
Boston Red Sox batting - Pitching for St. Louis Cardinals : RHP Mike J Grace
Batting: LHB Barry Bonds 0-0: Ball
1-0: Foul Ball, location: 2F
1-1: Ball
2-1: Foul Ball, location: 2F
2-2: Foul Ball, location: 2F
2-2: Strikes out swinging
Batting: LHB David Ortiz 0-0: Fly out, F7 (Flyball, 7S, EV 83.1 MPH)
Batting: LHB Todd Hollandsworth 0-0: Ball
1-0: Foul Ball, location: 2F
1-1: Foul Ball, location: 2F
1-2: Foul Ball, location: 2F
1-2: Strikes out swinging
Bottom of the 4th over - 0 runs, 0 hits, 0 errors, 0 left on base; St. Louis 1 - Boston 2
TOP OF THE 5TH
St. Louis Cardinals batting - Pitching for Boston Red Sox : RHP Pete Harnisch
Batting: RHB Damian Miller 0-0: Ball
1-0: Ball
2-0: Ball
3-0: Base on Balls
Batting: SHB Stan Javier 0-0: Ball
1-0: Bunted foul
1-1: Bunt missed!
1-2: Strikes out swinging
Batting: LHB Steve Finley 0-0: Ball
1-0: Ball
2-0: Ball
3-0: SINGLE (Flyball, 7S, EV 83.1 MPH)
Damian Miller to second
Batting: RHB Royce Clayton 0-0: Ball
1-0: SINGLE (Flyball, 89M, EV 90.0 MPH)
Damian Miller to third
Steve Finley to second
Batting: LHB Brian S Giles 0-0: Ball
1-0: Called Strike
1-1: Ball
2-1: Ball
3-1: Base on Balls
Damian Miller scores
Steve Finley to third
Royce Clayton to second
Batting: RHB Ivan Calderon 0-0: Foul Ball, location: 2F
0-1: GRAND SLAM HOME RUN (Flyball, 7LD, EV 98.8 MPH), Distance : 332 ft
Pitching: RHP Tim Worrell
Batting: LHB Karim Garcia 0-0: Ball
1-0: Called Strike
1-1: Ball
2-1: Foul Ball, location: 2F
2-2: Ball
3-2: Foul Ball, location: 2F
3-2: Strikes out looking
Batting: RHB John Valentin 0-0: Ball
1-0: Foul Ball, location: 2F
1-1: Foul Ball, location: 2F
1-2: Fly out, F8 (Flyball, 8LD, EV 108.1 MPH)
Top of the 5th over - 5 runs, 3 hits, 0 errors, 0 left on base; St. Louis 6 - Boston 2
BOTTOM OF THE 5TH
Boston Red Sox batting - Pitching for St. Louis Cardinals : RHP Mike J Grace
Batting: RHB Danny Tartabull 0-0: Called Strike
0-1: Fly out, F7 (Flyball, 7, EV 73.8 MPH)
Batting: RHB Mike Cameron 0-0: Called Strike
0-1: Called Strike
0-2: Ball
1-2: Ball
2-2: Ball
3-2: Fly out, F8 (Flyball, 8RM, EV 75.0 MPH)
Batting: RHB Todd Greene 0-0: Fly out, F7 (Flyball, 7LM, EV 86.3 MPH)
Bottom of the 5th over - 0 runs, 0 hits, 0 errors, 0 left on base; St. Louis 6 - Boston 2
TOP OF THE 6TH
St. Louis Cardinals batting - Pitching for Boston Red Sox : RHP Tim Worrell
Batting: RHB Dickie Thon 0-0: Ball
1-0: Called Strike
1-1: Foul Ball, location: 2F
1-2: Ball
2-2: Ball
3-2: Ground out 4-3 (Groundball, 4, EV 82.5 MPH)
Batting: RHB Damian Miller 0-0: Foul Ball, location: 2F
0-1: Ground out 5-3 (Groundball, 56S, EV 83.8 MPH)
Batting: SHB Stan Javier 0-0: Ball
1-0: Ball
2-0: SINGLE (Line Drive, 6D, EV 93.8 MPH)
Batting: LHB Steve Finley 0-0: Ball
1-0: Ball
Stan Javier steals 2nd base (no throw)
2-0: Foul Ball, location: 2F
2-1: Foul Ball, location: 2F
2-2: Fly out, F9 (Flyball, 9D, EV 105.0 MPH)
Top of the 6th over - 0 runs, 1 hit, 0 errors, 1 left on base; St. Louis 6 - Boston 2
BOTTOM OF THE 6TH
Boston Red Sox batting - Pitching for St. Louis Cardinals : RHP Mike J Grace
Batting: RHB Edgar Renteria 0-0: Called Strike
0-1: Swinging Strike
0-2: Ball
1-2: Strikes out swinging
Batting: RHB Scott Fletcher 0-0: Foul Ball, location: 2F
0-1: Ground out 6-3 (Groundball, 6, EV 80.6 MPH)
Batting: RHB Akira Eto 0-0: Ball
1-0: Ball
2-0: SINGLE (Line Drive, 34, EV 96.9 MPH)
Batting: LHB Barry Bonds 0-0: Ball
1-0: Foul Ball, location: 2F
1-1: Ball
2-1: Fly out, F8 (Flyball, 8LS, EV 82.5 MPH)
Bottom of the 6th over - 0 runs, 1 hit, 0 errors, 1 left on base; St. Louis 6 - Boston 2
TOP OF THE 7TH
St. Louis Cardinals batting - Pitching for Boston Red Sox : RHP Tim Worrell
Batting: RHB Royce Clayton 0-0: Ball
1-0: Called Strike
1-1: Swinging Strike
1-2: Ball
2-2: Foul Ball, location: 2F
2-2: Foul Ball, location: 2F
2-2: Ground out 4-3 (Groundball, 34, EV 107.5 MPH)
Batting: LHB Brian S Giles 0-0: Ball
1-0: Called Strike
1-1: Swinging Strike
1-2: Foul Ball, location: 2F
1-2: Ball
2-2: Fly out, F8 (Flyball, 8LXD, EV 85.0 MPH)
Batting: RHB Ivan Calderon 0-0: Ground out 4-3 (Groundball, 34, EV 88.8 MPH)
Top of the 7th over - 0 runs, 0 hits, 0 errors, 0 left on base; St. Louis 6 - Boston 2
BOTTOM OF THE 7TH
Boston Red Sox batting - Pitching for St. Louis Cardinals : RHP Mike J Grace
Batting: LHB David Ortiz 0-0: Called Strike
0-1: Ball
1-1: Swinging Strike
1-2: Ground out 6-3 (Groundball, 6M, EV 84.4 MPH)
Batting: LHB Todd Hollandsworth 0-0: Ball
1-0: SINGLE (Line Drive, 8RS, EV 105.0 MPH)
Pitching: RHP Terry Mathews
Batting: RHB Danny Tartabull 0-0: Called Strike
0-1: Foul Ball, location: 2F
0-2: Ball
1-2: Ball
2-2: Ball
3-2: Strikes out looking
Todd Hollandsworth steals 2nd base (no throw)
Batter strikes out.
Batting: RHB Mike Cameron 0-0: Ball
1-0: DOUBLE (Groundball, 5L, EV 111.3 MPH)
Todd Hollandsworth scores
Batting: RHB Todd Greene 0-0: Ground out 6-3 (Groundball, 6, EV 86.9 MPH)
Bottom of the 7th over - 1 run, 2 hits, 0 errors, 1 left on base; St. Louis 6 - Boston 3
TOP OF THE 8TH
St. Louis Cardinals batting - Pitching for Boston Red Sox : RHP Tim Worrell
Batting: LHB Karim Garcia 0-0: Foul Ball, location: 2F
0-1: Swinging Strike
0-2: Strikes out swinging
Batting: RHB John Valentin 0-0: SINGLE (Line Drive, 9LS, EV 106.9 MPH)
Pitching: RHP Doug Bochtler
Batting: RHB Dickie Thon 0-0: Called Strike
0-1: Foul Ball, location: 2F
0-2: 2-RUN HOME RUN (Flyball, 7D, EV 89.4 MPH), Distance : 390 ft
Batting: RHB Damian Miller 0-0: Ball
1-0: Foul Ball, location: 2F
1-1: Called Strike
1-2: Foul Ball, location: 2F
1-2: Ball
2-2: Strikes out looking
Batting: SHB Stan Javier 0-0: Called Strike
0-1: Ball
1-1: Foul Ball, location: 2F
1-2: Ground out 1-3 (Groundball, 25, EV 70.6 MPH)
Top of the 8th over - 2 runs, 2 hits, 0 errors, 0 left on base; St. Louis 8 - Boston 3
BOTTOM OF THE 8TH
Boston Red Sox batting - Pitching for St. Louis Cardinals : RHP Terry Mathews
Batting: RHB Edgar Renteria 0-0: Foul Ball, location: 2F
0-1: Ball
1-1: Ball
2-1: SINGLE (Groundball, 34D, EV 105.0 MPH)
Batting: RHB Scott Fletcher 0-0: Grounds into double play, 4-6-3 (Groundball, 4, EV 83.1 MPH)
Batting: RHB Akira Eto 0-0: Ball
1-0: Ball
2-0: Foul Ball, location: 2F
2-1: Ball
3-1: Foul Ball, location: 2F
3-2: Ground out 1-3 (Groundball, 34S, EV 70.0 MPH)
Bottom of the 8th over - 0 runs, 1 hit, 0 errors, 0 left on base; St. Louis 8 - Boston 3
TOP OF THE 9TH
St. Louis Cardinals batting - Pitching for Boston Red Sox : RHP Doug Bochtler
Batting: LHB Steve Finley 0-0: Called Strike
0-1: Swinging Strike
0-2: Ball
1-2: Ball
2-2: Fly out, F7 (Flyball, 7LS, EV 83.1 MPH)
Batting: RHB Royce Clayton 0-0: Fly out, F6 (Popup, 6M, EV 71.9 MPH)
Batting: LHB Brian S Giles 0-0: Swinging Strike
0-1: Fly out, F8 (Flyball, 8RM, EV 88.8 MPH)
Top of the 9th over - 0 runs, 0 hits, 0 errors, 0 left on base; St. Louis 8 - Boston 3
BOTTOM OF THE 9TH
Boston Red Sox batting - Pitching for St. Louis Cardinals : RHP Terry Mathews
Batting: LHB Barry Bonds 0-0: Foul Ball, location: 2F
0-1: Swinging Strike
0-2: Ball
1-2: SINGLE (Groundball, 3D, EV 94.4 MPH)
Batting: LHB David Ortiz 0-0: Swinging Strike
0-1: Foul Ball, location: 2F
0-2: Ball
1-2: Foul Ball, location: 2F
1-2: Ball
2-2: SINGLE (Groundball, 6M, EV 101.3 MPH) (infield hit)
Barry Bonds to second
Pitching: RHP Rusty Meacham
Batting: LHB Todd Hollandsworth 0-0: Fly out, F8 (Flyball, 8LS, EV 91.3 MPH)
Batting: RHB Danny Tartabull 0-0: Ball
1-0: Swinging Strike
1-1: Foul Ball, location: 2F
1-2: Ball
2-2: Ball
3-2: Foul Ball, location: 2F
3-2: Base on Balls
Barry Bonds to third
David Ortiz to second
Batting: RHB Mike Cameron 0-0: Called Strike
0-1: Foul Ball, location: 2F
0-2: Strikes out swinging
Batting: RHB Todd Greene 0-0: Swinging Strike
0-1: SINGLE (Groundball, 56D, EV 103.1 MPH)
Barry Bonds scores
David Ortiz to third
Danny Tartabull to second
Pitching: RHP Mariano Rivera
Batting: RHB Edgar Renteria 0-0: Ball
1-0: Ground out 4-3 (Groundball, 4, EV 85.0 MPH)
Bottom of the 9th over - 1 run, 3 hits, 0 errors, 3 left on base; St. Louis 8 - Boston 4
Friday, February 27th, 2026 - OOTP Baseball 20.8 Build 74